 Dungeon Crawl Stone Soup version 0.31.0-7-gf635a9b802 (webtiles) character file.

Game seed: 16075559068830469884

436 SnakkuSnakku7 the Cudgeller (level 7, 0/50 HPs)
             Began as a Djinni Monk on Jan 24, 2024.
             Was an Elder of Zin.
             Slain by an iguana (8 damage)
             ... on level 4 of the Dungeon.
             The game lasted 00:03:45 (3046 turns).

SnakkuSnakku7 the Cudgeller (Djinni Monk)           Turns: 3046, Time: 00:03:46

Health: 0/50       AC:  9    Str: 12    XL:     7   Next: 21%
Gold:   184        EV:  7    Int: 12    God:    Zin [****..] SH:  0 Dex: 15

rFire   + + .        a - +0 mace
rCold   . . .        d - orb {light}
rNeg    . . .        t - +0 chain mail
rPois   ∞            (no helmet)
rElec   .            (no cloak)
rCorr   .            p - +0 pair of gloves
SInv    .            (boots unavailable)
Will    .....        (no amulet) Stlth
                     f - ring of protection from cold
HPRegen 0.28/turn    (no ring)
MPRegen 0.00/turn

%: infuse magic (-1 HP)
@: flying, glowing
A: sickness immunity, fire resistance 2, cold vulnerability 1, float, innate
caster, HP casting, extra vitality 1
a: Renounce Religion, Recite, Vitalisation, Imprison, Donate Gold


You were on level 4 of the Dungeon.
You worshipped Zin.
Zin was greatly pleased with you.
You visited 1 branch of the dungeon, and saw 4 of its levels.

You collected 204 gold pieces.
You donated 20 gold pieces to Zin.

Inventory:

Hand Weapons
 a - a +0 mace (weapon)
Armour
 b - a +0 robe
 d - an orb of light (worn)
 p - a +0 pair of gloves (worn)
 s - a +0 ring mail
 t - a +0 chain mail (worn)
Jewellery
 f - a ring of protection from cold (left hand)
 r - a ring of fire
Wands
 q - a wand of flame (6)
Scrolls
 e - 6 scrolls of identify {unknown}
 g - a scroll of blinking {unknown}
 j - a scroll of revelation {unknown}
 k - a scroll of poison {unknown}
Potions
 h - 3 potions of heal wounds {unknown}
 i - 3 potions of might {unknown}
 l - 2 potions of resistance {unknown}
 m - a potion of invisibility {unknown}
 n - a potion of attraction {unknown}
 o - 2 potions of curing {unknown}
 u - a potion of brilliance {unknown}


   Skills:
 - Level 3.0 Fighting
 + Level 6.3 Maces & Flails
 - Level 3.2 Dodging


You knew the following spells:

 Your Spells              Type           Power      Damage    Failure   Level
a - Foxfire               Conj/Fire      0%         2x1d4     100%        1
b - Momentum Strike       Conj/Tloc      0%         3d8       100%        2
c - Confusing Touch       Hex            0%         N/A       100%        3
Your spell library was empty.


Dungeon Overview and Level Annotations

Branches:
Dungeon (4/15)
 Temple: D:4-7

Altars:
Hepliaklqana
Qazlal
Zin


Innate Abilities, Weirdness & Mutations

You are immune to sickness and miasma.
You are immune to poison.
Your flesh is very heat resistant. (rF++)
You are vulnerable to cold. (rC-)
You float through the air rather than walking.
You learn spells naturally, not from books.
Your magical power is your life essence.
You have superior vitality. (+4 MHP)


Message History

Blork the orc looks satisfied for a moment.
You hit Blork the orc.
You kill Blork the orc!
You feel less invigorated.
You feel less confused.
You hit the iguana but do no damage. The iguana closely misses you.
The iguana barely misses you.
You hit the iguana.
The iguana is lightly wounded.
The iguana bites you but does no damage.
You barely miss the iguana.
The iguana is lightly wounded.
The iguana bites you.
You hit the iguana but do no damage.
The iguana is lightly wounded.
The iguana bites you.
You hit the iguana but do no damage.
The iguana is lightly wounded.
The iguana bites you but does no damage.
You hit the iguana but do no damage.
The iguana is lightly wounded.
The iguana bites you.
* * * LOW HITPOINT WARNING * * *
You barely miss the iguana.
The iguana is lightly wounded.
The iguana bites you but does no damage.
You hit the iguana but do no damage.
The iguana is lightly wounded.
The iguana bites you!
* * * LOW HITPOINT WARNING * * *
You hit the iguana.
The iguana is moderately wounded.
The iguana closely misses you.
You barely miss the iguana.
The iguana is moderately wounded.
The iguana barely misses you.
You hit the iguana.
The iguana is heavily wounded.
The iguana bites you!
You die...

.## #)...### ##....#...........#.
.# ##......###.....#...........#.
## #.............................
####....####.....................
.##.....## ####..................
.....#...# ###...###..........
....##...### ##.## ##.....####
##.........######...## #...### #
#............##@.#..###...# #
........##.....l.###...#...## ##
........#......### ##.......####.
....##.......<.## ##......<....
....###.........## ##..#.......
... #..........# #..###......
#..........## #..# ##.....
#........#..# #..# #.(...
##......###........# ##....


You could see an iguana.

Vanquished Creatures
  Sigmund (D:2)
  Blork the orc (D:4)
  Terence (D:2)
  A gnoll (D:1)
  9 adders
  4 dart slugs
  4 ribbon worms
  2 orcs
  4 ball pythons
  7 bats
  4 endoplasms
  6 giant cockroaches
  3 goblins
  3 hobgoblins
  8 jackals
  8 kobolds
  3 quokkas
  3 frilled lizards
  6 rats
78 creatures vanquished.

Notes
Turn   | Place    | Note
-------+----------+-------------------------------------------
     0 | D:1      | SnakkuSnakku7 the Djinni Monk began the quest for the Orb.
     0 | D:1      | Reached XP level 1. HP: 20/20 MP: 0/0
   173 | D:1      | Reached XP level 2. HP: 20/25 MP: 0/0
   180 | D:1      | Reached skill level 3 in Maces & Flails
   205 | D:1      | Reached XP level 3. HP: 26/30 MP: 0/0
   205 | D:1      | Learned a level 1 spell: Foxfire
   922 | D:2      | Reached XP level 4. HP: 17/35 MP: 0/0
  1024 | D:2      | Reached skill level 4 in Maces & Flails
  1036 | D:2      | Noticed Terence
  1048 | D:2      | Killed Terence
  1337 | D:2      | Found a faded altar of an unknown god.
  1380 | D:2      | Reached XP level 5. HP: 37/40 MP: 0/0
  1380 | D:2      | Learned a level 2 spell: Momentum Strike
  1400 | D:2      | Prayed at the altar of an unknown god.
  1400 | D:2      | Became a worshipper of Zin the Law-Giver
  1400 | D:2      | Reached * piety under Zin
  1400 | D:2      | Reached ** piety under Zin
  1400 | D:2      | Reached *** piety under Zin
  1560 | D:2      | Noticed Sigmund
  1581 | D:2      | Killed Sigmund
  1582 | D:2      | Reached skill level 5 in Maces & Flails
  1582 | D:2      | Reached XP level 6. HP: 11/46 MP: 0/0
  2122 | D:3      | Found a stormy altar of Qazlal.
  2389 | D:3      | Reached **** piety under Zin
  2497 | D:3      | Found a hazy altar of Hepliaklqana.
  2914 | D:4      | Reached skill level 6 in Maces & Flails
  2959 | D:4      | Reached XP level 7. HP: 44/50 MP: 0/0
  2959 | D:4      | Learned a level 3 spell: Confusing Touch
  3017 | D:4      | Noticed Blork the orc
  3035 | D:4      | Killed Blork the orc
  3046 | D:4      | Slain by an iguana

Illustrated notes

Levels and vault maps discovered:
D:1:      scummos_arrival_hexagon, layout_loops_corners, nicolae_wormholes
D:2:      layout_loops_corners, basic_altar,
          shapermc_ecumenical_altar_mp_ritualfount, uniq_terence, uniq_sigmund
D:3:      layout_loops_cross, lemuel_coloured_pillars_altar,
          grunt_qazlal_sundering
D:4:      layout_layer_cave, uniq_blork_the_orc

Skill      XL: |  1  2  3  4  5  6 |
---------------+-------------------+-----
Maces & Flails | 3 4 5 6 |  6.3
Fighting       | |  3.0
Dodging        | |  3.2

Action                     |  1- 3 |  4- 6 |  7- 9 || total
---------------------------+-------+-------+-------++-------
  Melee: Mace              |    86 |   164 |    22 ||   272
    Use: Potion            |       |       |     1 ||     1
 Armour: Robe              |    52 |    63 |       ||   115
         Chain mail        |       |    20 |    23 ||    43
         Ring mail         |       |     1 |       ||     1
  Dodge: Dodged            |    56 |   105 |    11 ||   172
